 Dungeon Crawl Stone Soup version 0.23.0-41-g86b089e62c (webtiles) character file.

Game seed: 10136639850437100669

183 Kisielow the Cudgeler (level 5, 0/46 HPs)
             Began as a Minotaur Fighter on Feb 27, 2019.
             Killed by divine providence
             ... invoked by an orc priest
              (9 damage)
             ... on level 3 of the Dungeon.
             The game lasted 00:04:45 (2058 turns).

Kisielow the Cudgeler (Minotaur Fighter)            Turns: 2058, Time: 00:04:46

Health: 0/46       AC: 14    Str: 26    XL:     5   Next: 35%
Magic:  4/4        EV:  3    Int:  5    God:
Gold:   91         SH: 17    Dex: 10    Spells: 4/4 levels left

rFire    . . .     SeeInvis .   a - +0 flail
rCold    . . .     Gourm    .   q - +2 large shield
rNeg     . . .     Faith    .   s - +3 plate armour
rPois    .         Spirit   .   (helmet restricted)
rElec    .         Reflect  .   (no cloak)
rCorr    .         Harm     .   (no gloves)
MR       .....                  (no boots)
Stlth    ..........             (no amulet)
HPRegen  0.15/turn              (no ring)
MPRegen  0.09/turn              (no ring)

@: mighty
A: retaliatory headbutt, horns 2
a: no special abilities


You were on level 3 of the Dungeon.
You were not hungry.

You visited 1 branch of the dungeon, and saw 3 of its levels.

You collected 91 gold pieces.

Inventory:

Hand Weapons
 a - a +0 flail (weapon)
Armour
 e - a +1 shield of poison resistance
 q - a +2 large shield (worn)
 s - a +3 plate armour (worn)
Scrolls
 c - 3 scrolls of teleportation
 h - 3 scrolls of remove curse
 j - a scroll of identify
Potions
 b - a potion of haste {unknown}
 d - a potion of might
 i - 3 potions of curing
 m - a potion of mutation {unknown}
 o - 3 potions of ambrosia {unknown}
 t - a potion of agility {unknown}
Comestibles
 f - 4 rations
 g - 4 chunks of flesh


   Skills:
 + Level 4.1 Fighting
 * Level 5.8 Maces & Flails
 + Level 4.2 Armour
 + Level 4.1 Shields


You had 4 spell levels left.
You didn't know any spells.
Your spell library was empty.

Dungeon Overview and Level Annotations

Branches:
Dungeon (3/15)

Altars:
Nemelex Xobeh
Vehumet


Innate Abilities, Weirdness & Mutations

You reflexively headbutt those who attack you in melee.
You have a pair of horns on your head.


Message History

You headbutt the orc priest. The orc hits you but does no damage.
Your shield and plate armour prevent you from hitting the orc priest.
You headbutt the orc priest.
The orc priest is moderately wounded.
You block the orc priest's attack.
The orc priest hits you with a +0 flail.
You block the orc's attack.
You closely miss the orc priest.
The orc priest is moderately wounded.
The orc priest calls down the wrath of Beogh upon you.
Pain shoots through your body!
The orc priest mumbles some strange prayers to Beogh against you.
Beogh smites you!
* * * LOW HITPOINT WARNING * * *
You block the orc's attack.
You feel very mighty all of a sudden. You block the orc priest's attack.
The orc priest mumbles some strange prayers to Beogh against you.
Beogh smites you!
You die...

.........# #.# #.# #..
.$.......# #.# #.# #.#
.........###.#####.###.#
....>....'....).........
.........#########.###.#
.........+ .............
...$.....# ............#
.....$...# ###########..
.......@.# #..
......ooo# #..
.........# #..
.........# #..
.........# #..
########## ###


You could see 2 orc priests and an orc.

Vanquished Creatures
  An orc wizard (D:3)
  Terence (D:3)
  Robin (D:3)
  An ooze (D:1)
  4 worms (D:2)
  4 dart slugs
  3 leopard geckos
  5 orcs (D:3)
  3 giant cockroaches
  11 goblins
  6 hobgoblins
  5 jackals
  5 kobolds
  3 quokkas
  A ball python (D:3)
  14 bats
  9 frilled lizards
  10 rats
87 creatures vanquished.

Notes
Turn   | Place    | Note
-------+----------+-------------------------------------------
     0 | D:1      | Kisielow the Minotaur Fighter began the quest for the Orb.
     0 | D:1      | Reached XP level 1. HP: 19/19 MP: 0/0
    48 | D:1      | Reached skill level 3 in Maces & Flails
    48 | D:1      | Reached XP level 2. HP: 26/26 MP: 1/1
   119 | D:1      | Reached skill level 4 in Maces & Flails
   249 | D:1      | Reached XP level 3. HP: 31/31 MP: 2/2
   630 | D:2      | Reached skill level 5 in Maces & Flails
   755 | D:2      | Reached XP level 4. HP: 37/40 MP: 3/3
  1057 | D:2      | Found a sparkling altar of Nemelex Xobeh.
  1262 | D:3      | Found a radiant altar of Vehumet.
  1637 | D:3      | Reached XP level 5. HP: 46/46 MP: 4/4
  1653 | D:3      | Noticed Robin
  1669 | D:3      | Killed Robin
  1821 | D:3      | Noticed Terence
  1861 | D:3      | Killed Terence
  2058 | D:3      | Killed from afar by an orc priest

Skill      XL: |  1  2  3  4 |
---------------+-------------+-----
Maces & Flails | 3 4 5 |  5.8
Armour         | 4 |  4.2
Shields        | 4 |  4.1
Fighting       | 4 |  4.1

Action                   |  1- 3 |  4- 6 || total
-------------------------+-------+-------++-------
Melee: Flail             |   101 |   109 ||   210
       Headbutt          |    11 |    26 ||    37
       Unarmed           |       |    17 ||    17
  Use: Scroll            |       |     9 ||     9
       Potion            |       |     1 ||     1
  Eat: Chunk             |       |     4 ||     4
Armor: Scale mail        |    51 |     1 ||    52
       Plate armour      |       |    48 ||    48
Dodge: Dodged            |    30 |    22 ||    52
Block: Shield            |    62 |       ||    62
       Large shield      |       |   111 ||   111
